woodfighter, lawful female giant Samurai ---------q |.D.....| |.......| ----- |...@.D.| |... ..... |..A@...| ------ --..---------. | |.......| @| ......-- --%..|.......|.. |. ----@---- .| ........---....|.......|.. |......)).....| A.......%..-..%%%-.%._...|.. ---...%%)...--- .........---.!..|.......|. -----`----- --...%...-- --%..|%......| --.......-- ----+---- --..--------- --.........--------.`.| |........ .|...........|.%.).....| ------- ..--.........--...------- ....--.......--%...| -...----|----...--- |).%`.`.).%..%.*| ----------------- woodfighter the Samurai Experience level: 30 Strength: 18/12 Dexterity: 19 Constitution: 20 Intelligence: 14 Wisdom: 15 Charisma: 15 Health: 173(224) Energy: 100(100) Def: 44 Gold: 0 Moves: 49405 Dungeon seed [set]: Game ID: woodfighter_1681256500 Your Inventory: Amulets N - a blessed amulet of life saving (being worn) Weapons a - the blessed +6 Tsurugi of Muramasa (weapon in hand) U - 48 blessed rustproof +6 shuriken (in quiver) Armor c - a blessed greased fireproof +7 elven cloak (being worn) e - a blessed greased thoroughly rusty rustproof +4 dented pot (being worn) i - a blessed +5 shield of reflection (being worn) n - a blessed thoroughly burnt fireproof +4 pair of water walking boots (being worn) Comestibles T - 3 blessed K-rations Potions v - 5 blessed diluted potions of full healing Rings M - an uncursed ring of free action (on right hand) O - an uncursed +4 ring of protection (on left hand) Wands d - a blessed wand of death (0:1) g - a blessed wand of fire (0:8) h - a blessed wand of teleportation (0:3) j - a blessed wand of speed monster (0:6) Tools b - a blessed stethoscope m - a blessed magic lamp q - an uncursed +0 unicorn horn s - a blessed bag of holding w - the blessed greased Orb of Detection (0:5) y - a blessed brass key W - a blessed towel Y - a blessed bronze key Gems z - a blessed luckstone Boulders/Statues F - a blessed boulder H - a blessed boulder K - a blessed boulder L - a blessed boulder P - a blessed boulder R - a blessed boulder Contents of the bag of holding: a blessed greased [rustproof] amulet of flying a blessed amulet of life saving a blessed amulet of life saving 150 blessed rustproof +6 shuriken 10 blessed K-rations 4 blessed lumps of royal jelly 2 uncursed sprigs of wolfsbane 3 blessed scrolls of blank paper 5 uncursed scrolls of blank paper 3 cursed scrolls of blank paper a blessed scroll of charging 4 blessed scrolls of gold detection 5 blessed scrolls of remove curse 3 blessed scrolls of wishing 22 blessed diluted potions of full healing an uncursed potion of a blessed potion of confusion an uncursed potion of confusion 10 blessed potions of full healing 8 potions of holy water a potion of unholy water a blessed ring of conflict a blessed ring of free action a blessed +2 ring of protection a blessed ring of regeneration a blessed wand of death (0:2) a blessed wand of death (0:1) a blessed wand of digging (0:8) an uncursed wand of digging (0:8) an uncursed wand of digging (0:8) a blessed wand of digging (0:7) a blessed wand of digging (0:3) an uncursed wand of fire (0:6) a blessed wand of speed monster (0:5) an uncursed wand of teleportation (0:3) an uncursed wand of teleportation [0:4] an uncursed wand of teleportation [0:3] a blessed can of grease (0:7) an uncursed magic marker (0:35) an uncursed magic marker (0:22) an uncursed magic marker (0:15) an uncursed magic marker (0:6) an uncursed magic marker (0:1) an uncursed magic marker (0:1) a blessed +0 unicorn horn a blessed +0 unicorn horn a blessed +0 unicorn horn a blessed +0 unicorn horn a blessed +0 unicorn horn Spells and supernatural/magical abilities: Name Level Category Fail Memory a - cone of cold 4* attack 100% 0% W - pray for help -- divine ? -- Your skills at the end: Miscellaneous Skills martial arts [Basic] shield [Skilled] wands [Skilled] stealth [Basic] Weapon Skills short sword [Basic] two-handed sword [Master] katana [Basic] bow [Basic] sling [Basic] shuriken [Expert] Spellcasting Skills Final Attributes: You were piously aligned. You were fire resistant. You were cold resistant. You were sleep resistant. You were disintegration-resistant. You were shock resistant. You were poison resistant. You were magic-protected. You saw invisible. You were telepathic. You had infravision. You were invisible to others. You were stealthy. You could walk on water. You were protected. You were very fast. You had reflection. You had free action. Your life would have been saved. You were extremely lucky. You had extra luck. Good luck did not time out for you. You survived after being killed once. Vanquished creatures: Baalzebub Dispater Orcus Juiblex The Wizard of Yendor (4 times) Pestilence Famine (thrice) a high priest 5 ancient red dragons 3 ancient white dragons 6 mammoths 27 krakens Vlad the Impaler Medusa 5 iron golems 14 red dragons 10 white dragons an orange dragon 6 black dragons 5 blue dragons 3 yellow dragons 2 storm giants 4 deep ettins 4 glass golems 12 balrogs 19 purple worms 32 minotaurs 9 jabberwocks Ashikaga Takauji 8 titanotheres 12 Angels 2 young gray dragons 2 young silver dragons 55 young red dragons 26 young white dragons 6 young black dragons 7 young blue dragons a young green dragon 2 young yellow dragons a demilich 9 stone golems 32 Olog-hai 5 Nazgul 32 pit fiends 9 sandestins 5 hell hounds 14 trappers 4 baby red dragons 2 baby white dragons a baby yellow dragon a gryphon a guardian naga 6 dire bears 41 vampire lords 6 shades 5 skeletons 19 aligned priests 30 captains 4 liches 2 water trolls 7 clay golems 18 nurses 36 ice devils 7 nalfeshnees 9 lurkers above 4 frost giants 7 black puddings 67 vampires 98 ghosts 9 ettins 8 lieutenants an archeologist a healer a rogue 12 samurai 2 queen bees 8 winged gargoyles 2 mind flayers 14 giant mimics 3 fire giants 14 ogre kings 10 Elvenkings 3 ice trolls 36 rock trolls 4 grizzly bears 17 umber hulks 6 flesh golems 15 doppelgangers 42 hezrous 32 bone devils 5 salamanders 7 large mimics 7 wumpuses 6 fire vortices a baby long worm 2 baby purple worms 11 long worms 3 couatls 46 stalkers 13 air elementals 8 fire elementals 4 earth elementals a water elemental 2 hill giants 3 giant mummies 24 elf-lords 6 xorns 56 giant zombies 14 sergeants 42 vrocks 18 wargs 2 winter wolves 16 hell hound pups 5 quantum mechanics 23 small mimics 2 island nymphs 2 glass piercers 12 warhorses 10 steam vortices 11 xans 5 sharks 11 electric eels 6 ettin mummies 8 ogre lords 55 trolls 12 brown bears 2 sasquatches 4 wood golems 5 werebears an erinys 17 mariliths 2 pyrolisks 4 large dogs 8 stinking spheres 3 freezing spheres 8 flaming spheres 9 shocking spheres 3 large cats 15 tigers 8 gargoyles 5 dwarf kings a tengu 4 gelatinous cubes 16 ochre jellies 8 crocodiles 10 chameleons 11 leocrottas an energy vortex 3 mountain centaurs 2 giants 10 elf mummies 2 human mummies 6 red nagas 10 green slimes 17 Grey-elves 3 pythons 2 cobras 10 black bears 138 wraiths 42 ettin zombies 2 leather golems 10 soldiers 22 succubi 34 incubi 11 giant beetles 5 cockatrices 82 wolves 5 winter wolf cubs 8 black lights 6 lynxes 6 panthers 147 gremlins 34 leprechauns 9 quivering blobs 2 spotted jellies 11 lizards 3 mountain nymphs 7 orc-captains 2 mumakil 9 giant spiders 5 scorpions 3 iron piercers 5 horses an ice vortex 9 vampire bats 9 forest centaurs 4 gnome kings 9 piranhas 19 giant eels 2 orc mummies 9 dwarf mummies an ogre 4 brown puddings 16 Green-elves 2 rust monsters 10 owlbears 5 yetis 2 gold golems 4 werewolves 21 ninja a chickatrice 4 dogs 3 dingos 5 housecats 5 jaguars 5 dwarf lords 6 blue jellies 4 water nymphs 2 gray unicorns 5 black unicorns 5 dust vortices 5 ravens 3 plains centaurs 2 gnome mummies 2 Woodland-elves 22 pit vipers 18 apes 44 human zombies 2 rope golems 13 soldier ants 7 fire ants 6 yellow lights 12 bugbears 2 imps 3 baby crocodiles 4 wood nymphs 4 Mordor orcs an Uruk-hai 3 orc shamans 5 rock moles 4 rock piercers 3 ponies 3 fog clouds 4 shriekers 6 violet fungi 20 gnome lords 7 gnomish wizards 13 jellyfish 3 kobold mummies 14 gray oozes 8 barrow wights 37 elf zombies 40 ghouls 2 straw golems 4 paper golems 51 giant ants 4 puppies 11 floating eyes 5 kittens 10 dwarves 6 homunculi 7 quasits 10 iguanas 29 hill orcs 8 rothes a rabid rat 2 centipedes 2 jitterbugs 3 giant bats 5 monkeys 44 orc zombies 35 dwarf zombies 4 wererats 5 werejackals 34 killer bees 6 coyotes 3 gas spores 7 hobbits 8 acid blobs 5 geckos 12 hobgoblins 3 giant rats 19 cave spiders 4 brown molds 5 yellow molds 5 green molds 4 red molds 66 gnomes 29 garter snakes 2 manes 45 gnome zombies 11 jackals 2 foxes 7 kobolds 9 newts 6 goblins 16 sewer rats 14 grid bugs 2 bats 12 lichens 33 kobold zombies 3412 creatures vanquished. Genocided or extinct species: chickatrices cockatrices pyrolisks hobbits dwarves bugbears dwarf lords dwarf kings quantum mechanics mind flayers master mind flayers wood nymphs water nymphs mountain nymphs island nymphs jellyfish piranhas sharks giant eels electric eels krakens liches demiliches master liches arch-liches gray oozes brown puddings black puddings green slimes rust monsters disenchanters wraiths (extinct) deep ettins soldiers (extinct) 32 species genocided. 2 species extinct. Voluntary challenges: You were not displaced. You donated to temples 6 times (receiving 4 points of protection), starting on turn 7433. You received temple protection 6 times, starting on turn 7433. You used a wielded weapon 6592 times, starting on turn 84. You did not use plumbed fixtures. You read items or engraved 118 times, starting on turn 1161. You genocided 32 types of monsters, starting on turn 31058. You never polymorphed an object. You changed form 2 times, starting on turn 7553. You completed Sokoban on turn 5556, according to the rules. You used 2 wishes, starting on turn 15135. You wished for your your first artifact on turn 15135. You carried an artifact on turn 15137. You split 1 pudding, starting on turn 33904. You never wrote Elbereth's name. You violated bushido, losing 2 points of alignment, starting on turn 33279. You enabled loading special bones files. Dungeon overview: The Dungeons of Doom: levels 1 to 29 Level 1 stairs to The Elemental Planes Level 2 an empty vault, a fountain Level 3 (water) a general store, a sink stairs to The Gnomish Mines Level 4 (cleaver) a vault, a general store, a fountain Level 5 a vault, an altar to Amaterasu Omikami, a fountain, a sink Level 6 a vault, an altar to Susanowo Level 7 Level 8 (white u + leprechauns) Level 9 many fountains Level 10 a fountain stairs to Sokoban Level 11 (water) Level 12 Level 13 Level 14 (water) a vault, a fountain Level 15 Level 16 (quest) a bookstore portal to The Quest Level 17 Level 18 Level 19 (water) Level 20 some fountains, a throne Level 21 a temple to Amaterasu Omikami, some fountains, a sink Level 22 a vault, a fountain Level 23 an empty vault portal to Fort Ludios Level 24 Level 25 Level 26 Level 27 Level 28 some fountains Level 29 a magic chest, many fountains, many sinks, many trees Gehennom: levels 30 to 58 Level 30 a temple to Moloch, a magic chest stairs to The Dungeons of Doom Level 31 Level 32 Level 33 (bell) an altar to Moloch, a magic chest, many fountains, many benchs, many trees Level 34 Level 35 (baalzebub) a magic chest Level 36 Level 37 Level 38 (juiblex) a fountain Level 39 stairs to Vlad's Tower Level 40 (dispater) a magic chest Level 41 Level 42 (orcus) some shops, an altar to Moloch, a magic chest, some fountains Level 43 Level 44 Level 45 Level 46 (wizard) an altar to Moloch, a magic chest Level 47 Level 48 portal to Gehennom Level 49 Level 50 Level 51 Level 52 Level 53 Level 54 Level 55 Level 56 portal to Gehennom Level 57 Level 58 The Gnomish Mines: levels 4 to 12 Level 4 stairs to The Dungeons of Doom Level 5 Level 6 Level 7 many shops, a temple to Raijin, a magic chest, some fountains Level 8 Level 9 Level 10 Level 11 Level 12 The Quest: levels 1 to 6 Level 1 a magic chest portal to The Dungeons of Doom Level 2 Level 3 Level 4 Level 5 Level 6 Sokoban: levels 6 to 9 Level 6 a magic chest Level 7 Level 8 a fountain Level 9 (bell) an altar to Raijin, a magic chest stairs to The Dungeons of Doom Fort Ludios: Level 1 a throne portal to The Dungeons of Doom Vlad's Tower: levels 36 to 38 Level 36 Level 37 an altar to Moloch Level 38 stairs to Gehennom The Elemental Planes: Astral Plane <- You were here some high altars Plane 4 portal to The Elemental Planes Plane 3 portal to The Elemental Planes Plane 2 portal to The Elemental Planes Plane 1 portal to The Elemental Planes History has recorded: On T:1 you entered the Dungeons of Doom to retrieve the Amulet of Yendor! On T:200 you reached level 2 of The Dungeons of Doom. On T:361 you advanced to experience level 2. On T:444 you reached level 3 of The Dungeons of Doom. On T:580 you advanced to experience level 3. On T:625 you reached level 4 of The Dungeons of Doom. On T:841 you prayed to Amaterasu Omikami. On T:1036 you advanced to experience level 4. On T:1355 you reached level 5 of The Dungeons of Doom. On T:1605 you reached level 7 of The Dungeons of Doom. On T:1646 you advanced to experience level 5. On T:1669 you reached level 8 of The Dungeons of Doom. On T:1818 you reached level 6 of The Dungeons of Doom. On T:1947 you advanced to experience level 6. On T:3019 you reached level 9 of The Dungeons of Doom. On T:3227 you reached level 10 of The Dungeons of Doom. On T:3242 you advanced to experience level 7. On T:3511 you reached level 11 of The Dungeons of Doom. On T:3647 you reached level 4 of Sokoban. On T:3837 you opened a magic chest. On T:4078 you reached level 3 of Sokoban. On T:4129 you advanced to experience level 8. On T:4578 you reached level 2 of Sokoban. On T:4897 you reached level 1 of Sokoban. On T:5556 you advanced to experience level 9. On T:5556 you entered the Sokoban zoo. On T:6100 you reached level 1 of The Gnomish Mines. On T:6275 you reached level 2 of The Gnomish Mines. On T:6496 you reached level 3 of The Gnomish Mines. On T:6723 you reached level 4 of The Gnomish Mines. On T:6999 you entered the Minetown temple On T:7194 you reached level 5 of The Gnomish Mines. On T:7676 you reached level 6 of The Gnomish Mines. On T:7826 you reached level 7 of The Gnomish Mines. On T:8157 you reached level 8 of The Gnomish Mines. On T:8351 you advanced to experience level 10. On T:8464 you reached level 9 of The Gnomish Mines. On T:8464 you reached the bottom of the Mines. On T:9499 you advanced to experience level 11. On T:10954 you reached level 12 of The Dungeons of Doom. On T:11405 you reached level 13 of The Dungeons of Doom. On T:11598 you reached level 14 of The Dungeons of Doom. On T:11988 you reached level 15 of The Dungeons of Doom. On T:12208 you reached level 16 of The Dungeons of Doom. On T:12416 you reached level 17 of The Dungeons of Doom. On T:12416 you entered the Rogue tribute level. On T:12480 you reached level 1 of The Quest. On T:12764 you reached level 18 of The Dungeons of Doom. On T:13221 you reached level 19 of The Dungeons of Doom. On T:14133 you reached level 20 of The Dungeons of Doom. On T:14161 you advanced to experience level 12. On T:14438 you advanced to experience level 13. On T:14989 you reached level 21 of The Dungeons of Doom. On T:15135 you wished for "blessed fixed greased orb of detection". On T:15256 you reached level 22 of The Dungeons of Doom. On T:15451 you received Snickersnee from Amaterasu Omikami. On T:16335 you prayed to Amaterasu Omikami. On T:17468 you prayed to Amaterasu Omikami. On T:20019 you became devout. On T:21509 you reached level 23 of The Dungeons of Doom. On T:21800 you reached level 24 of The Dungeons of Doom. On T:22699 you reached Fort Ludios. On T:22985 you advanced to experience level 14. On T:23326 you embarked upon an epic quest. On T:23335 you reached level 2 of The Quest. On T:23421 you reached level 3 of The Quest. On T:24359 you reached level 4 of The Quest. On T:24462 you reached level 5 of The Quest. On T:24746 you reached level 6 of The Quest. On T:25668 you killed Ashikaga Takauji on level 6 of The Quest. On T:25668 you became pious. On T:25892 you completed the quest! On T:27472 you advanced to experience level 15. On T:27639 you killed Medusa on level 24 of The Dungeons of Doom. On T:27726 you reached level 25 of The Dungeons of Doom. On T:27800 you reached level 26 of The Dungeons of Doom. On T:27892 you reached level 27 of The Dungeons of Doom. On T:28888 you advanced to experience level 16. On T:28906 you reached level 28 of The Dungeons of Doom. On T:29258 you reached The Castle. On T:31565 you reached The Valley of the Dead. On T:31614 you advanced to experience level 17. On T:31818 you advanced to experience level 18. On T:31954 you advanced to experience level 19. On T:32023 you advanced to experience level 20. On T:32164 you advanced to experience level 21. On T:32856 you advanced to experience level 22. On T:33055 you reached level 2 of Gehennom. On T:33193 you reached level 3 of Gehennom. On T:33718 you reached level 4 of Gehennom. On T:34135 you reached level 5 of Gehennom. On T:34315 you advanced to experience level 23. On T:34915 you reached level 6 of Gehennom. On T:35398 you killed Baalzebub on level 4 of Gehennom. On T:36065 you reached level 7 of Gehennom. On T:36114 you reached level 8 of Gehennom. On T:36525 you advanced to experience level 24. On T:36682 you reached level 9 of Gehennom. On T:37089 you killed Juiblex on level 9 of Gehennom. On T:37323 you reached level 10 of Gehennom. On T:37521 you reached level 3 of Vlad's Tower. On T:37644 you reached level 2 of Vlad's Tower. On T:37747 you reached level 1 of Vlad's Tower. On T:37829 you killed Vlad the Impaler on level 1 of Vlad's Tower. On T:38140 you reached level 11 of Gehennom. On T:38592 you killed Dispater on level 11 of Gehennom. On T:38668 you advanced to experience level 25. On T:38689 you reached level 12 of Gehennom. On T:39137 you reached level 13 of Gehennom. On T:39150 you were saved from death by your amulet of life saving! On T:39440 you reached level 14 of Gehennom. On T:39878 you killed Orcus on level 13 of Gehennom. On T:40534 you reached level 15 of Gehennom. On T:41102 you reached level 16 of Gehennom. On T:41258 you reached level 17 of Gehennom. On T:41434 you reached level 18 of Gehennom. On T:41647 you reached level 19 of Gehennom. On T:41906 you reached level 20 of Gehennom. On T:42249 you reached level 21 of Gehennom. On T:42388 you reached level 22 of Gehennom. On T:42667 you reached level 23 of Gehennom. On T:43223 you reached level 24 of Gehennom. On T:43677 you reached level 25 of Gehennom. On T:43877 you reached level 26 of Gehennom. On T:44047 you reached level 27 of Gehennom. On T:44243 you reached level 28 of Gehennom. On T:44570 you advanced to experience level 26. On T:45408 you advanced to experience level 27. On T:46149 you wished for "blessed fixed greased amulet of flying". On T:46159 you advanced to experience level 28. On T:46160 you advanced to experience level 29. On T:46161 you advanced to experience level 30. On T:47857 you killed Wizard of Yendor on level 17 of Gehennom. On T:47870 you performed the invocation. On T:48022 you killed high priestess of Moloch on level 29 of Gehennom. On T:48024 you gained the Amulet of Yendor! On T:48026 you killed Wizard of Yendor on level 28 of Gehennom. On T:48261 you killed Wizard of Yendor on level 7 of Gehennom. On T:48957 you reached the Plane of Earth. On T:48958 you killed Wizard of Yendor on the Plane of Earth. On T:48986 you reached the Plane of Fire. On T:49018 you reached the Plane of Air. On T:49066 you reached the Plane of Water. On T:49109 you reached the Astral Plane. On T:49172 you killed Famine on the Astral Plane. On T:49241 you killed Famine on the Astral Plane. On T:49282 you killed Famine on the Astral Plane. On T:49335 you killed Pestilence on the Astral Plane. On T:49405 you lost the Amulet of Yendor. On T:49405 you offered the Amulet of Yendor to Amaterasu Omikami and ascended to the status of Demigoddess! Score breakdown: Gold: 0 ( 0 points) Experience: 30 levels ( 2000 points) Exploration: 58 levels ( 2000 points) Discoveries: 130 items ( 2000 points) Variety of kills: 291 monsters ( 2000 points) Major goal: ascended ( 5000 points) Ascension bonuses Valuables value: 600 ( 60 points) Artifacts: 2 ( 2000 points) Speed bonus: 49405 turns ( 2529 points) Conduct bonus: 3 conducts ( 5400 points) Survival: ascended (score multiplied by 10) Total score: 229890 Latest messages: The invisible Angel of Susanowo zaps a wand of make invisible! The Angel of Amaterasu Omikami turns transparent! You slash the invisible Angel of Susanowo! You hack the invisible Angel of Susanowo! The silver dragon breathes frost! The blast of frost hits the invisible Angel of Susanowo. The blast of frost whizzes by you! There are many objects here. You kill the invisible Angel of Susanowo! You slash the invisible Angel of Amaterasu Omikami! (2x) You kill the invisible Angel of Amaterasu Omikami! The silver dragon breathes frost! The blast of frost whizzes by you! There are a few objects here. The high priest intones: "Pilgrim, you enter a sacred place!" You slash the silver dragon! The silver dragon turns to flee! The priestess of Amaterasu Omikami zaps a wand of speed monster! The high priest of Amaterasu Omikami is suddenly moving faster. You slash the silver dragon! You offer the Amulet of Yendor to Amaterasu Omikami... An invisible choir sings, and you are bathed in radiance... The voice of Amaterasu Omikami rings out: "Congratulations, mortal!" "In return for thy service, I grant thee the gift of Immortality!" You ascend to the status of Demigoddess... Final status: Sayonara woodfighter the Demigoddess, ascended... You went to your reward with 229890 points, The Tsurugi of Muramasa (worth 4500 zorkmids) The Orb of Detection (worth 2500 zorkmids) 3 amulets of life saving (worth 450 zorkmids), 1 amulet of flying (worth 150 zorkmids), and 0 pieces of gold, after 49405 moves. You were level 30 with a maximum of 224 hit points when you ascended.